MONTREAL vs TORONTO

Created - Thursday, October 19, 2017 at 12:16

Goals
1 2 3 T
MONTREAL 1 0 3 4
TORONTO 2 1 0 3
Shots
1 2 3 T
MONTREAL 5 13 21 39
TORONTO 8 6 13 27

1st period

1. TORONTO , Matt Hendricks 1 (Pierre-Edouard Bellemare) at 3:26
2. MONTREAL , Vincent Trocheck 1 (Nathan Beaulieu, Tyler Johnson) at 5:27
3. TORONTO , Mark Scheifele 2 (Nino Niederreiter) at 11:25 (PP)

Penalties :
Tyler Myers (MON) for Hooking (Minor) at 10:07

2nd period

4. TORONTO , Nic Dowd 1 (Olli Maatta, Drake Caggiula) at 16:52

Penalties :
Matt Hendricks (TOR) for Roughing (Minor) at 3:54, Ales Hemsky (TOR) for Hooking (Minor) at 14:43, Nic Dowd (TOR) for Tripping (Minor) at 18:43

3rd period

5. MONTREAL , Max Pacioretty 2 (Brian Dumoulin, Tyler Myers) at 1:56 (PP)
6. MONTREAL , Tyler Johnson 1 (Vincent Trocheck, Nathan Beaulieu) at 12:13
7. MONTREAL , Marc Staal 1 (Max Pacioretty, Jason Pominville) at 16:24

Penalties :
Joshua Morrissey (TOR) for Holding Stick (Minor) at 0:58, Brian Dumoulin (MON) for Tripping (Minor) at 2:45, Tyler Myers (MON) for Tripping (Minor) at 5:52, Joshua Morrissey (TOR) for Hooking (Minor) at 13:42, Jarome Iginla (TOR) for Interference (Minor) at 17:32

Goalie Stats

Robin Lehner (MON), 24 saves from 27 shots - (0.889), W, 1-1-0, 60:00 minutes
Brian Elliott (TOR), 35 saves from 39 shots - (0.897), L, 1-1-0, 59:48 minutes

Players Stats for MONTREAL

Player Name              G  A  P  +/- PIM S  H  SB GA TA FO     MP     PP MP  PK MP  
------------------------------------------------------------------------------------
Brian Dumoulin           0  1  1  -2  2   2  2  3  0  0  0/0    25:09   6:19   1:32 
Brian Gionta             0  0  0   0  0   4  0  0  0  0  0/0    11:00   0:00   0:00 
Brooks Laich             0  0  0  -2  0   0  0  0  0  0  0/0     6:38   0:00   0:00 
Devin Shore              0  0  0  -2  0   1  0  0  0  0  4/10    6:38   0:00   0:00 
Jason Demers             0  0  0   2  0   4  3  1  0  0  0/0    20:19   4:34   2:32 
Jason Pominville         0  1  1   1  0   2  2  0  0  0  0/0    19:48   5:29   0:00 
Marc Staal               1  0  1   1  0   2  1  0  0  0  0/0    20:03   4:34   2:10 
Max Pacioretty           1  1  2   1  0   9  3  0  0  0  6/12   23:56   5:29   4:08 
Micheal Ferland          0  0  0  -2  0   1  1  0  0  0  0/0     6:38   0:00   0:00 
Nathan Beaulieu          0  2  2   2  0   0  0  0  0  0  0/0    13:23   0:00   0:10 
Nathan MacKinnon         0  0  0   1  0   3  1  1  0  0  16/30  23:56   5:29   4:08 
Phillip Danault          0  0  0   0  0   1  3  0  0  0  8/14   11:00   0:00   0:00 
Rickard Rakell           0  0  0   2  0   1  0  0  0  0  1/2    17:18   5:24   0:00 
Sven Andrighetto         0  0  0   0  0   1  1  0  0  0  0/0    16:24   5:24   0:00 
Tobias Enstrom           0  0  0   1  0   0  1  2  0  0  0/0    16:02   0:00   2:43 
Tyler Johnson            1  1  2   2  0   2  0  1  0  0  7/14   13:02   0:00   1:08 
Tyler Myers              0  1  1  -2  4   2  1  4  0  0  0/0    25:01   6:19   1:25 
Vincent Trocheck         1  1  2   2  0   4  2  1  0  0  7/13   18:26   5:24   1:08 

Players Stats for TORONTO

Player Name              G  A  P  +/- PIM S  H  SB GA TA FO     MP     PP MP  PK MP  
------------------------------------------------------------------------------------
Ales Hemsky              0  0  0   1  2   1  0  0  0  0  0/0    11:57   2:33   0:00 
Brayden Point            0  0  0  -1  0   0  0  0  0  0  1/2    15:30   2:48   0:00 
Brent Seabrook           0  0  0  -1  0   1  2  1  0  0  0/0    26:57   2:43   6:11 
Drake Caggiula           0  1  1   1  0   7  1  0  0  0  0/0    10:01   0:14   0:20 
Jake Dotchin             0  0  0   2  0   0  0  1  0  0  0/0    15:44   0:00   1:32 
Jarome Iginla            0  0  0  -1  2   1  2  0  0  0  0/0    16:20   2:14   0:00 
Joshua Morrissey         0  0  0  -1  4   2  7  0  0  0  0/0    25:03   2:43   4:19 
Mark Borowiecki          0  0  0  -2  0   0  1  2  0  0  0/0    16:08   0:00   4:32 
Mark Scheifele           1  0  1  -1  0   9  0  0  0  0  20/45  25:14   2:48   7:53 
Matt Hendricks           1  0  1   0  2   2  0  0  0  0  1/1     7:52   0:00   0:44 
Michal Kempny            0  0  0  -2  0   1  1  1  0  0  0/0    11:46   0:00   0:10 
Nic Dowd                 1  0  1   1  2   1  3  0  0  0  5/12    9:24   0:00   0:00 
Nino Niederreiter        0  1  1  -1  0   1  3  0  0  0  1/1    24:23   2:48   7:02 
Olli Maatta              0  1  1   2  0   0  0  1  0  0  0/0    21:47   2:33   5:02 
Pierre-Edouard Bellemare 0  1  1   0  0   0  0  0  0  0  7/10    7:16   0:00   0:05 
Ryan White               0  0  0   0  0   0  1  0  0  0  0/0     7:09   0:00   0:00 
Tomas Hertl              0  0  0  -1  0   1  0  1  0  0  1/1    18:01   2:28   2:51 
Victor Rask              0  0  0  -1  0   0  0  0  0  0  10/23  18:29   2:28   2:51 

3 Stars

1 - Vincent Trocheck (MON)
2 - Max Pacioretty (MON)
3 - Tyler Johnson (MON)

Power Play

MONTREAL - 1 on 6 Attempt(s) - 16.67%
TORONTO - 1 on 3 Attempt(s) - 33.33%

Penalty Kill

MONTREAL - 2 on 3 Attempt(s) - 66.67% - Score 0 goal in Penalty Kill
TORONTO - 5 on 6 Attempt(s) - 83.33% - Score 0 goal in Penalty Kill

Team Stat

MONTREAL - Hits : 21 - Faceoff Wins : 49 - Blocked Shots : 13 - Penalty Minutes : 6
TORONTO - Hits : 21 - Faceoff Wins : 46 - Blocked Shots : 7 - Penalty Minutes : 12

Official

Referees : Unknown
Linesman : Unknown

Game Notes

No Game Note

Finance

Level 1 -- Attendance: 5981 (99.68%) -- Ticket Income $406,708
Level 2 -- Attendance: 4954 (99.08%) -- Ticket Income $272,470
Level 3 -- Attendance: 1840 (92.00%) -- Ticket Income $57,040
Level 4 -- Attendance: 2893 (72.33%) -- Ticket Income $63,646
Luxury Box -- Attendance: 914 (91.40%) -- Ticket Income $123,390
Game was played at the Air Canada Center.
Total Attendance: 16582 (92.12%)
Total Ticket Income: $923,254
Total Income: $923,254

MONTREAL

5 vs 5 Forward 
   Center                   Left Wing                Right Wing               Time % Phy DF OF 
 1 Nathan MacKinnon         Max Pacioretty           Jason Pominville         35     1   2  2  
 2 Tyler Johnson            Vincent Trocheck         Rickard Rakell           30     1   2  2  
 3 Phillip Danault          Brian Gionta             Sven Andrighetto         25     1   2  2  
 4 Devin Shore              Micheal Ferland          Brooks Laich             10     1   2  2  

5 vs 5 Defense 
   Defense                  Defense                                           Time % Phy DF OF 
 1 Tyler Myers              Brian Dumoulin                                    35     1   2  2  
 2 Jason Demers             Nathan Beaulieu                                   30     1   2  2  
 3 Marc Staal               Tobias Enstrom                                    25     1   2  2  
 4 Tyler Myers              Brian Dumoulin                                    10     1   2  2  

PowerPlay Forward 
   Center                   Left Wing                Right Wing               Time % Phy DF OF 
 1 Nathan MacKinnon         Max Pacioretty           Jason Pominville         60     1   2  2  
 2 Vincent Trocheck         Rickard Rakell           Sven Andrighetto         40     1   2  2  

PowerPlay Defense
   Defense                  Defense                                           Time % Phy DF OF 
 1 Tyler Myers              Brian Dumoulin                                    60     1   2  2  
 2 Jason Demers             Marc Staal                                        40     1   2  2  

Penalty Kill 4 Players Forward 
   Center                   Wing                     Time % Phy DF OF 
 1 Max Pacioretty           Nathan MacKinnon         60     1   2  2  
 2 Vincent Trocheck         Tyler Johnson            40     1   2  2  

Penalty Kill 4 Players Defense
   Defense                  Defense                  Time % Phy DF OF 
 1 Tyler Myers              Brian Dumoulin           60     1   2  2  
 2 Jason Demers             Marc Staal               40     1   2  2  

Penalty Kill - 3 Players Forward 
   Forward                                           Time % Phy DF OF 
 1 Max Pacioretty                                    60     1   2  2  
 2 Nathan MacKinnon                                  40     1   2  2  

Penalty Kill - 3 Players Defense
   Defense                  Defense                  Time % Phy DF OF 
 1 Tyler Myers              Brian Dumoulin           60     1   2  2  
 2 Jason Demers             Marc Staal               40     1   2  2  

4 vs 4 Forward 
   Center                   Wing                     Time % Phy DF OF 
 1 Max Pacioretty           Nathan MacKinnon         60     1   2  2  
 2 Vincent Trocheck         Tyler Johnson            40     1   2  2  

4 vs 4 Defense
   Defense                  Defense                  Time % Phy DF OF 
 1 Tyler Myers              Brian Dumoulin           60     1   2  2  
 2 Jason Demers             Marc Staal               40     1   2  2  

Last Minutes Offensive
   Center                   Left Wing                Right Wing               Defense                  Defense                  
   Nathan MacKinnon         Max Pacioretty           Jason Pominville         Tyler Myers              Brian Dumoulin           

Last Minutes Defensive
   Center                   Left Wing                Right Wing               Defense                  Defense                  
   Nathan MacKinnon         Max Pacioretty           Jason Pominville         Tyler Myers              Brian Dumoulin           

Goaltenders
Starting : Robin Lehner             
Backup : Garret Sparks            

Extra Forwards
Normal : Devin Shore, Phillip Danault, Brian Gionta - PP : Devin Shore, Phillip Danault - PK : Brian Gionta
Extra Defensemen
Normal : Nathan Beaulieu, Tobias Enstrom, Jason Demers - PP : Nathan Beaulieu - PK : Tobias Enstrom, Jason Demers
Penalty Shots
Max Pacioretty, Nathan MacKinnon, Vincent Trocheck, Tyler Johnson, Rickard Rakell

TORONTO

5 vs 5 Forward 
   Center                   Left Wing                Right Wing               Time % Phy DF OF 
 1 Mark Scheifele           Nino Niederreiter        Jarome Iginla            35     1   2  2  
 2 Victor Rask              Tomas Hertl              Brayden Point            30     1   2  2  
 3 Nic Dowd                 Drake Caggiula           Ales Hemsky              25     1   2  2  
 4 Pierre-Edouard Bellemare Matt Hendricks           Ryan White               10     1   2  2  

5 vs 5 Defense 
   Defense                  Defense                                           Time % Phy DF OF 
 1 Brent Seabrook           Joshua Morrissey                                  35     1   2  2  
 2 Olli Maatta              Jake Dotchin                                      30     1   2  2  
 3 Michal Kempny            Mark Borowiecki                                   25     1   2  2  
 4 Brent Seabrook           Joshua Morrissey                                  10     1   2  2  

PowerPlay Forward 
   Center                   Left Wing                Right Wing               Time % Phy DF OF 
 1 Mark Scheifele           Nino Niederreiter        Brayden Point            60     1   2  2  
 2 Victor Rask              Tomas Hertl              Jarome Iginla            40     1   2  2  

PowerPlay Defense
   Defense                  Defense                                           Time % Phy DF OF 
 1 Brent Seabrook           Joshua Morrissey                                  60     1   2  2  
 2 Olli Maatta              Ales Hemsky                                       40     1   2  2  

Penalty Kill 4 Players Forward 
   Center                   Wing                     Time % Phy DF OF 
 1 Mark Scheifele           Nino Niederreiter        60     1   2  2  
 2 Victor Rask              Tomas Hertl              40     1   2  2  

Penalty Kill 4 Players Defense
   Defense                  Defense                  Time % Phy DF OF 
 1 Brent Seabrook           Joshua Morrissey         60     1   2  2  
 2 Olli Maatta              Mark Borowiecki          40     1   2  2  

Penalty Kill - 3 Players Forward 
   Forward                                           Time % Phy DF OF 
 1 Mark Scheifele                                    60     1   2  2  
 2 Nino Niederreiter                                 40     1   2  2  

Penalty Kill - 3 Players Defense
   Defense                  Defense                  Time % Phy DF OF 
 1 Brent Seabrook           Joshua Morrissey         60     1   2  2  
 2 Olli Maatta              Mark Borowiecki          40     1   2  2  

4 vs 4 Forward 
   Center                   Wing                     Time % Phy DF OF 
 1 Mark Scheifele           Nino Niederreiter        60     1   2  2  
 2 Victor Rask              Tomas Hertl              40     1   2  2  

4 vs 4 Defense
   Defense                  Defense                  Time % Phy DF OF 
 1 Brent Seabrook           Joshua Morrissey         60     1   2  2  
 2 Olli Maatta              Mark Borowiecki          40     1   2  2  

Last Minutes Offensive
   Center                   Left Wing                Right Wing               Defense                  Defense                  
   Mark Scheifele           Nino Niederreiter        Victor Rask              Brent Seabrook           Joshua Morrissey         

Last Minutes Defensive
   Center                   Left Wing                Right Wing               Defense                  Defense                  
   Mark Scheifele           Nino Niederreiter        Jarome Iginla            Brent Seabrook           Olli Maatta              

Goaltenders
Starting : Brian Elliott            
Backup : Michal Neuvirth          

Extra Forwards
Normal : Tomas Hertl, Drake Caggiula, Pierre-Edouard Bellemare - PP : Tomas Hertl, Drake Caggiula - PK : Matt Hendricks
Extra Defensemen
Normal : Michal Kempny, Jake Dotchin, Olli Maatta - PP : Michal Kempny - PK : Jake Dotchin, Olli Maatta
Penalty Shots
Mark Scheifele, Nino Niederreiter, Victor Rask, Tomas Hertl, Jarome Iginla

% Time on Ice - MONTREAL

Lines # - Real PCT - Wanted PCT - Time Play
Normal Forward
1 - 32% - 35% - 13:51
2 - 27% - 30% - 11:54
3 - 25% - 25% - 11:00
4 - 15% - 10% - 6:38
Normal Defense
1 - 35% - 35% - 15:22
2 - 30% - 30% - 13:13
3 - 31% - 25% - 13:19
4 - 3% - 10% - 1:29
PP Forward
1 - 50% - 60% - 5:29
2 - 50% - 40% - 5:24
PP Defense
1 - 58% - 60% - 6:19
2 - 42% - 40% - 4:34
PK Forward
1 - 78% - 60% - 4:08
2 - 22% - 40% - 1:08
PK Defense
1 - 72% - 60% - 3:46
2 - 28% - 40% - 1:30
PK3 Forward
1 - 0% - 60%
2 - 0% - 40%
PK3 Defense
1 - 0% - 60%
2 - 0% - 40%
44 Forward
1 - 0% - 60%
2 - 0% - 40%
44 Defense
1 - 0% - 60%
2 - 0% - 40%
Last Minute Offensive  - 0:00
Last Minute Defensive  - 0:28
Total
Forward - 60:00
Defense - 60:00

% Time on Ice - TORONTO

Lines # - Real PCT - Wanted PCT - Time Play
Normal Forward
1 - 33% - 35% - 14:07
2 - 29% - 30% - 12:42
3 - 22% - 25% - 9:25
4 - 16% - 10% - 7:09
Normal Defense
1 - 36% - 35% - 15:30
2 - 33% - 30% - 14:12
3 - 27% - 25% - 11:36
4 - 5% - 10% - 2:05
PP Forward
1 - 53% - 60% - 2:48
2 - 47% - 40% - 2:28
PP Defense
1 - 52% - 60% - 2:43
2 - 48% - 40% - 2:33
PK Forward
1 - 74% - 60% - 8:02
2 - 26% - 40% - 2:51
PK Defense
1 - 58% - 60% - 6:21
2 - 42% - 40% - 4:32
PK3 Forward
1 - 0% - 60%
2 - 0% - 40%
PK3 Defense
1 - 0% - 60%
2 - 0% - 40%
44 Forward
1 - 0% - 60%
2 - 0% - 40%
44 Defense
1 - 0% - 60%
2 - 0% - 40%
Last Minute Offensive  - 0:28
Last Minute Defensive  - 0:00
Total
Forward - 60:00
Defense - 60:00

Play by Play

1st period


0:01 of 1st period - Mark Scheifele wins face-off versus Nathan MacKinnon in neutral zone.
0:03 of 1st period - Brent Seabrook is hit by Brian Dumoulin and loses puck.
0:10 of 1st period - Tyler Myers is hit by Jarome Iginla and loses puck.
1:12 of 1st period - Shot by Tyler Johnson.
1:12 of 1st period - Shot Misses the Net.
1:38 of 1st period - Shot by Brayden Point.
1:38 of 1st period - Shot Misses the Net.
1:57 of 1st period - Icing by Brayden Point.
1:58 of 1st period - Phillip Danault wins face-off versus Victor Rask in TORONTO zone.
2:52 of 1st period - Shot by Ales Hemsky.
2:52 of 1st period - Shot Blocked by Tobias Enstrom.
3:23 of 1st period - Icing by Brian Dumoulin.
3:24 of 1st period - Pierre-Edouard Bellemare wins face-off versus Devin Shore in MONTREAL zone.
3:24 of 1st period - Pierre-Edouard Bellemare is hit by Brian Dumoulin.
3:26 of 1st period - Shot by Matt Hendricks.
3:26 of 1st period - Goal by Matt Hendricks - MONTREAL : 0 - TORONTO : 1.
3:27 of 1st period - Nathan MacKinnon wins face-off versus Pierre-Edouard Bellemare in neutral zone.
3:43 of 1st period - Nathan MacKinnon is hit by Joshua Morrissey and loses puck.
3:53 of 1st period - Max Pacioretty is hit by Joshua Morrissey and loses puck.
4:00 of 1st period - Shot by Nathan MacKinnon.
4:00 of 1st period - Stopped by Brian Elliott without a rebound.
4:01 of 1st period - Brayden Point wins face-off versus Tyler Johnson in TORONTO zone.
4:17 of 1st period - Shot by Vincent Trocheck.
4:17 of 1st period - Shot Misses the Net.
4:25 of 1st period - Icing by Brayden Point.
4:26 of 1st period - Victor Rask wins face-off versus Devin Shore in TORONTO zone.
4:26 of 1st period - Victor Rask is hit by Micheal Ferland.
4:29 of 1st period - Icing by Olli Maatta.
4:30 of 1st period - Tomas Hertl wins face-off versus Nathan MacKinnon in TORONTO zone.
4:55 of 1st period - Icing by Tyler Myers.
4:56 of 1st period - Nic Dowd wins face-off versus Nathan MacKinnon in MONTREAL zone.
5:19 of 1st period - Off-side.
5:20 of 1st period - Tyler Johnson wins face-off versus Mark Scheifele in neutral zone.
5:22 of 1st period - Nathan Beaulieu is hit by Joshua Morrissey and loses puck.
5:27 of 1st period - Shot by Vincent Trocheck.
5:27 of 1st period - Goal by Vincent Trocheck - MONTREAL : 1 - TORONTO : 1.
5:28 of 1st period - Mark Scheifele wins face-off versus Devin Shore in neutral zone.
5:33 of 1st period - Shot by Mark Scheifele.
5:33 of 1st period - Stopped by Robin Lehner without a rebound.
5:34 of 1st period - Mark Scheifele wins face-off versus Tyler Johnson in MONTREAL zone.
5:34 of 1st period - Joshua Morrissey is hit by Jason Demers and loses puck.
6:07 of 1st period - Shot by Nino Niederreiter.
6:07 of 1st period - Shot Blocked by Jason Demers.
6:45 of 1st period - Shot by Drake Caggiula.
6:45 of 1st period - Stopped by Robin Lehner without a rebound.
6:46 of 1st period - Phillip Danault wins face-off versus Victor Rask in MONTREAL zone.
8:08 of 1st period - Icing by Olli Maatta.
8:09 of 1st period - Devin Shore wins face-off versus Victor Rask in TORONTO zone.
8:18 of 1st period - Shot by Devin Shore.
8:18 of 1st period - Shot Blocked by Tomas Hertl.
8:20 of 1st period - Shot by Brooks Laich.
8:20 of 1st period - Deflect By Micheal Ferland.
8:20 of 1st period - Stopped by Brian Elliott without a rebound.
8:21 of 1st period - Nic Dowd wins face-off versus Tyler Johnson in TORONTO zone.
8:29 of 1st period - Off-side.
8:30 of 1st period - Devin Shore wins face-off versus Mark Scheifele in neutral zone.
8:39 of 1st period - Shot by Marc Staal.
8:39 of 1st period - Stopped by Brian Elliott without a rebound.
8:40 of 1st period - Nathan MacKinnon wins face-off versus Nic Dowd in TORONTO zone.
8:44 of 1st period - Nathan MacKinnon is hit by Michal Kempny and loses puck.
8:53 of 1st period - Shot by Mark Borowiecki.
8:53 of 1st period - Shot Blocked by Brian Dumoulin.
8:55 of 1st period - Shot by Drake Caggiula.
8:55 of 1st period - Deflect By Ales Hemsky.
8:55 of 1st period - Shot Misses the Net.
8:57 of 1st period - Shot by Drake Caggiula.
8:57 of 1st period - Stopped by Robin Lehner without a rebound.
8:58 of 1st period - Phillip Danault wins face-off versus Mark Scheifele in MONTREAL zone.
8:58 of 1st period - Phillip Danault is hit by Nino Niederreiter.
10:07 of 1st period - Minor Penalty to Tyler Myers for Hooking.
10:08 of 1st period - Victor Rask wins face-off versus Max Pacioretty in MONTREAL zone.
11:18 of 1st period - Icing by Nino Niederreiter.
11:19 of 1st period - Mark Scheifele wins face-off versus Vincent Trocheck in TORONTO zone.
11:19 of 1st period - Mark Scheifele is hit by Vincent Trocheck.
11:25 of 1st period - Shot by Mark Scheifele.
11:25 of 1st period - Goal by Mark Scheifele - MONTREAL : 1 - TORONTO : 2.
11:26 of 1st period - Tyler Johnson wins face-off versus Pierre-Edouard Bellemare in neutral zone.
11:38 of 1st period - Icing by Mark Borowiecki.
11:39 of 1st period - Matt Hendricks wins face-off versus Devin Shore in TORONTO zone.
11:46 of 1st period - Ryan White is hit by Marc Staal and loses puck.
12:32 of 1st period - Devin Shore is hit by Nic Dowd and loses puck.
12:52 of 1st period - Shot by Drake Caggiula.
12:52 of 1st period - Stopped by Robin Lehner without a rebound.
12:53 of 1st period - Nathan MacKinnon wins face-off versus Mark Scheifele in MONTREAL zone.
12:59 of 1st period - Off-side.
13:00 of 1st period - Nathan MacKinnon wins face-off versus Mark Scheifele in neutral zone.
13:04 of 1st period - Icing by Jarome Iginla.
13:05 of 1st period - Max Pacioretty wins face-off versus Mark Scheifele in TORONTO zone.
13:31 of 1st period - Shot by Jarome Iginla.
13:31 of 1st period - Shot Blocked by Brian Dumoulin.
13:37 of 1st period - Shot by Mark Scheifele.
13:37 of 1st period - Shot Misses the Net.
13:58 of 1st period - Shot by Joshua Morrissey.
13:58 of 1st period - Shot Misses the Net.
14:00 of 1st period - Shot by Brent Seabrook.
14:00 of 1st period - Shot Blocked by Tyler Myers.
15:20 of 1st period - Shot by Tomas Hertl.
15:20 of 1st period - Stopped by Robin Lehner without a rebound.
15:21 of 1st period - Mark Scheifele wins face-off versus Phillip Danault in MONTREAL zone.
15:26 of 1st period - Shot by Mark Scheifele.
15:26 of 1st period - Stopped by Robin Lehner with a rebound.
15:37 of 1st period - Off-side.
15:38 of 1st period - Devin Shore wins face-off versus Pierre-Edouard Bellemare in neutral zone.
16:27 of 1st period - Shot by Max Pacioretty.
16:27 of 1st period - Stopped by Brian Elliott with a rebound.
17:17 of 1st period - Icing by Olli Maatta.
17:18 of 1st period - Rickard Rakell wins face-off versus Mark Scheifele in TORONTO zone.
17:19 of 1st period - Shot by Tyler Johnson.
17:19 of 1st period - Shot Misses the Net.
17:30 of 1st period - Icing by Nino Niederreiter.
17:31 of 1st period - Mark Scheifele wins face-off versus Phillip Danault in TORONTO zone.
17:31 of 1st period - Mark Scheifele is hit by Phillip Danault.
18:04 of 1st period - Mark Scheifele is hit by Tobias Enstrom and loses puck.
18:28 of 1st period - Icing by Tobias Enstrom.
18:29 of 1st period - Phillip Danault wins face-off versus Nic Dowd in MONTREAL zone.
18:36 of 1st period - Phillip Danault is hit by Nic Dowd.
18:51 of 1st period - Drake Caggiula is hit by Tyler Myers and loses puck.
19:21 of 1st period - Icing by Drake Caggiula.
19:22 of 1st period - Nic Dowd wins face-off versus Nathan MacKinnon in TORONTO zone.
19:26 of 1st period - Off-side.
19:27 of 1st period - Victor Rask wins face-off versus Nathan MacKinnon in neutral zone.
19:27 of 1st period - Victor Rask is hit by Jason Pominville.
19:45 of 1st period - Shot by Nathan MacKinnon.
19:45 of 1st period - Shot Blocked by Brent Seabrook.
19:58 of 1st period - Shot by Jason Pominville.
19:58 of 1st period - Shot Misses the Net.
Goals for this period are 1 for MONTREAL vs 2 for TORONTO.
Shots for this period are 5 for MONTREAL vs 8 for TORONTO.

2nd period


0:01 of 2nd period - Mark Scheifele wins face-off versus Tyler Johnson in neutral zone.
0:24 of 2nd period - Shot by Mark Scheifele.
0:24 of 2nd period - Shot Blocked by Vincent Trocheck.
0:26 of 2nd period - Shot by Jarome Iginla.
0:26 of 2nd period - Shot Misses the Net.
0:28 of 2nd period - Shot by Jarome Iginla.
0:28 of 2nd period - Shot Misses the Net.
0:30 of 2nd period - Shot by Mark Scheifele.
0:30 of 2nd period - Shot Blocked by Tyler Myers.
0:34 of 2nd period - Shot by Mark Scheifele.
0:34 of 2nd period - Stopped by Robin Lehner with a rebound.
0:42 of 2nd period - Shot by Mark Scheifele.
0:42 of 2nd period - Stopped by Robin Lehner without a rebound.
0:43 of 2nd period - Nathan MacKinnon wins face-off versus Victor Rask in MONTREAL zone.
0:58 of 2nd period - Shot by Max Pacioretty.
0:58 of 2nd period - Stopped by Brian Elliott with a rebound.
1:00 of 2nd period - Shot by Jason Pominville.
1:00 of 2nd period - Shot Misses the Net.
1:02 of 2nd period - Shot by Max Pacioretty.
1:02 of 2nd period - Stopped by Brian Elliott without a rebound.
1:03 of 2nd period - Phillip Danault wins face-off versus Nic Dowd in TORONTO zone.
2:12 of 2nd period - Shot by Nathan MacKinnon.
2:12 of 2nd period - Shot Misses the Net.
2:25 of 2nd period - Icing by Tomas Hertl.
2:26 of 2nd period - Tyler Johnson wins face-off versus Victor Rask in TORONTO zone.
2:34 of 2nd period - Vincent Trocheck is hit by Brent Seabrook and loses puck.
3:03 of 2nd period - Shot by Nino Niederreiter.
3:03 of 2nd period - Shot Blocked by Tyler Johnson.
3:11 of 2nd period - Nathan Beaulieu is hit by Nino Niederreiter and loses puck.
3:42 of 2nd period - Shot by Max Pacioretty.
3:42 of 2nd period - Stopped by Brian Elliott without a rebound.
3:43 of 2nd period - Phillip Danault wins face-off versus Nic Dowd in TORONTO zone.
3:52 of 2nd period - Shot by Brian Gionta.
3:52 of 2nd period - Stopped by Brian Elliott without a rebound.
3:53 of 2nd period - Pierre-Edouard Bellemare wins face-off versus Max Pacioretty in TORONTO zone.
3:53 of 2nd period - Ryan White is hit by Max Pacioretty.
3:54 of 2nd period - Minor Penalty to Matt Hendricks for Roughing.
3:55 of 2nd period - Nino Niederreiter wins face-off versus Nathan MacKinnon in TORONTO zone.
3:55 of 2nd period - Nino Niederreiter is hit by Nathan MacKinnon.
4:30 of 2nd period - Shot by Tyler Myers.
4:30 of 2nd period - Shot Blocked by Mark Borowiecki.
5:09 of 2nd period - Off-side.
5:10 of 2nd period - Mark Scheifele wins face-off versus Vincent Trocheck in neutral zone.
5:57 of 2nd period - Brooks Laich is hit by Drake Caggiula and loses puck.
6:03 of 2nd period - Icing by Devin Shore.
6:04 of 2nd period - Devin Shore wins face-off versus Brayden Point in MONTREAL zone.
7:13 of 2nd period - Shot by Drake Caggiula.
7:13 of 2nd period - Stopped by Robin Lehner without a rebound.
7:14 of 2nd period - Mark Scheifele wins face-off versus Rickard Rakell in MONTREAL zone.
8:08 of 2nd period - Icing by Nino Niederreiter.
8:09 of 2nd period - Nathan MacKinnon wins face-off versus Mark Scheifele in TORONTO zone.
8:10 of 2nd period - Shot by Max Pacioretty.
8:10 of 2nd period - Deflect By Nathan MacKinnon.
8:10 of 2nd period - Shot Hit the Post.
8:14 of 2nd period - Shot by Nathan MacKinnon.
8:14 of 2nd period - Stopped by Brian Elliott without a rebound.
8:15 of 2nd period - Victor Rask wins face-off versus Max Pacioretty in TORONTO zone.
8:32 of 2nd period - Brent Seabrook is hit by Max Pacioretty and loses puck.
9:18 of 2nd period - Brian Gionta is hit by Joshua Morrissey and loses puck.
11:38 of 2nd period - Shot by Jason Demers.
11:38 of 2nd period - Shot Misses the Net.
11:40 of 2nd period - Shot by Nathan MacKinnon.
11:40 of 2nd period - Deflect By Max Pacioretty.
11:40 of 2nd period - Stopped by Brian Elliott without a rebound.
11:41 of 2nd period - Nic Dowd wins face-off versus Phillip Danault in TORONTO zone.
11:41 of 2nd period - Nic Dowd is hit by Sven Andrighetto.
11:59 of 2nd period - Shot by Phillip Danault.
11:59 of 2nd period - Stopped by Brian Elliott without a rebound.
12:00 of 2nd period - Pierre-Edouard Bellemare wins face-off versus Nathan MacKinnon in TORONTO zone.
12:00 of 2nd period - Pierre-Edouard Bellemare is hit by Max Pacioretty.
12:39 of 2nd period - Icing by Tobias Enstrom.
12:40 of 2nd period - Nathan MacKinnon wins face-off versus Mark Scheifele in MONTREAL zone.
12:42 of 2nd period - Marc Staal is hit by Nino Niederreiter and loses puck.
13:39 of 2nd period - Shot by Drake Caggiula.
13:39 of 2nd period - Stopped by Robin Lehner without a rebound.
13:40 of 2nd period - Pierre-Edouard Bellemare wins face-off versus Tyler Johnson in MONTREAL zone.
13:45 of 2nd period - Shot by Matt Hendricks.
13:45 of 2nd period - Shot Misses the Net.
13:51 of 2nd period - Shot by Pierre-Edouard Bellemare.
13:51 of 2nd period - Shot Misses the Net.
13:53 of 2nd period - Shot by Michal Kempny.
13:53 of 2nd period - Stopped by Robin Lehner with a rebound.
14:18 of 2nd period - Off-side.
14:19 of 2nd period - Phillip Danault wins face-off versus Nic Dowd in neutral zone.
14:23 of 2nd period - Jason Demers is hit by Joshua Morrissey and loses puck.
14:43 of 2nd period - Minor Penalty to Ales Hemsky for Hooking.
14:44 of 2nd period - Vincent Trocheck wins face-off versus Mark Scheifele in TORONTO zone.
15:03 of 2nd period - Shot by Rickard Rakell.
15:03 of 2nd period - Shot Blocked by Olli Maatta.
15:05 of 2nd period - Shot by Brian Dumoulin.
15:05 of 2nd period - Shot Misses the Net.
15:13 of 2nd period - Shot by Rickard Rakell.
15:13 of 2nd period - Shot Misses the Net.
15:15 of 2nd period - Shot by Tyler Myers.
15:15 of 2nd period - Deflect By Rickard Rakell.
15:15 of 2nd period - Stopped by Brian Elliott without a rebound.
15:16 of 2nd period - Nathan MacKinnon wins face-off versus Mark Scheifele in TORONTO zone.
15:23 of 2nd period - Shot by Jason Demers.
15:23 of 2nd period - Shot Misses the Net.
15:25 of 2nd period - Shot by Nathan MacKinnon.
15:25 of 2nd period - Shot Misses the Net.
15:50 of 2nd period - Shot by Jason Demers.
15:50 of 2nd period - Stopped by Brian Elliott without a rebound.
15:51 of 2nd period - Vincent Trocheck wins face-off versus Victor Rask in TORONTO zone.
16:00 of 2nd period - Shot by Sven Andrighetto.
16:00 of 2nd period - Stopped by Brian Elliott without a rebound.
16:01 of 2nd period - Vincent Trocheck wins face-off versus Mark Scheifele in TORONTO zone.
16:01 of 2nd period - Rickard Rakell is hit by Joshua Morrissey.
16:09 of 2nd period - Shot by Vincent Trocheck.
16:09 of 2nd period - Stopped by Brian Elliott without a rebound.
16:10 of 2nd period - Mark Scheifele wins face-off versus Nathan MacKinnon in TORONTO zone.
16:28 of 2nd period - Shot by Brian Dumoulin.
16:28 of 2nd period - Stopped by Brian Elliott without a rebound.
16:29 of 2nd period - Vincent Trocheck wins face-off versus Mark Scheifele in TORONTO zone.
16:52 of 2nd period - Shot by Nic Dowd.
16:52 of 2nd period - Goal by Nic Dowd - MONTREAL : 1 - TORONTO : 3.
16:53 of 2nd period - Tyler Johnson wins face-off versus Victor Rask in neutral zone.
18:16 of 2nd period - Shot by Max Pacioretty.
18:16 of 2nd period - Shot Misses the Net.
18:43 of 2nd period - Minor Penalty to Nic Dowd for Tripping.
18:44 of 2nd period - Mark Scheifele wins face-off versus Vincent Trocheck in TORONTO zone.
19:11 of 2nd period - Icing by Vincent Trocheck.
19:12 of 2nd period - Vincent Trocheck wins face-off versus Victor Rask in MONTREAL zone.
19:44 of 2nd period - Shot by Tyler Myers.
19:44 of 2nd period - Stopped by Brian Elliott without a rebound.
19:45 of 2nd period - Nathan MacKinnon wins face-off versus Mark Scheifele in TORONTO zone.
Goals for this period are 0 for MONTREAL vs 1 for TORONTO.
Shots for this period are 13 for MONTREAL vs 6 for TORONTO.

3rd period


0:01 of 3rd period - Nathan MacKinnon wins face-off versus Mark Scheifele in neutral zone.
0:42 of 3rd period - Shot by Max Pacioretty.
0:42 of 3rd period - Shot Misses the Net.
0:44 of 3rd period - Shot by Jason Demers.
0:44 of 3rd period - Stopped by Brian Elliott without a rebound.
0:45 of 3rd period - Nic Dowd wins face-off versus Phillip Danault in TORONTO zone.
0:45 of 3rd period - Nic Dowd is hit by Phillip Danault.
0:55 of 3rd period - Shot by Brian Gionta.
0:55 of 3rd period - Stopped by Brian Elliott without a rebound.
0:56 of 3rd period - Tyler Johnson wins face-off versus Mark Scheifele in TORONTO zone.
0:58 of 3rd period - Minor Penalty to Joshua Morrissey for Holding Stick.
0:59 of 3rd period - Mark Scheifele wins face-off versus Vincent Trocheck in TORONTO zone.
1:11 of 3rd period - Jason Demers is hit by Brent Seabrook and loses puck.
1:14 of 3rd period - Shot by Jason Demers.
1:14 of 3rd period - Stopped by Brian Elliott without a rebound.
1:15 of 3rd period - Nathan MacKinnon wins face-off versus Mark Scheifele in TORONTO zone.
1:16 of 3rd period - Shot by Brian Dumoulin.
1:16 of 3rd period - Shot Misses the Net.
1:18 of 3rd period - Shot by Brian Dumoulin.
1:18 of 3rd period - Shot Misses the Net.
1:42 of 3rd period - Shot by Tyler Myers.
1:42 of 3rd period - Stopped by Brian Elliott with a rebound.
1:44 of 3rd period - Shot by Max Pacioretty.
1:44 of 3rd period - Deflect By Nathan MacKinnon.
1:44 of 3rd period - Shot Misses the Net.
1:46 of 3rd period - Shot by Max Pacioretty.
1:46 of 3rd period - Stopped by Brian Elliott with a rebound.
1:48 of 3rd period - Shot by Brian Dumoulin.
1:48 of 3rd period - Shot Blocked by Mark Borowiecki.
1:50 of 3rd period - Shot by Nathan MacKinnon.
1:50 of 3rd period - Stopped by Brian Elliott with a rebound.
1:52 of 3rd period - Shot by Tyler Myers.
1:52 of 3rd period - Shot Misses the Net.
1:54 of 3rd period - Shot by Brian Dumoulin.
1:54 of 3rd period - Shot Misses the Net.
1:56 of 3rd period - Shot by Brian Dumoulin.
1:56 of 3rd period - Deflect By Max Pacioretty.
1:56 of 3rd period - Goal by Max Pacioretty - MONTREAL : 2 - TORONTO : 3.
1:57 of 3rd period - Phillip Danault wins face-off versus Nic Dowd in neutral zone.
2:18 of 3rd period - Shot by Brian Gionta.
2:18 of 3rd period - Stopped by Brian Elliott without a rebound.
2:19 of 3rd period - Victor Rask wins face-off versus Tyler Johnson in TORONTO zone.
2:29 of 3rd period - Shot by Tyler Johnson.
2:29 of 3rd period - Shot Blocked by Jake Dotchin.
2:31 of 3rd period - Shot by Vincent Trocheck.
2:31 of 3rd period - Stopped by Brian Elliott without a rebound.
2:32 of 3rd period - Pierre-Edouard Bellemare wins face-off versus Nathan MacKinnon in TORONTO zone.
2:45 of 3rd period - Minor Penalty to Brian Dumoulin for Tripping.
2:46 of 3rd period - Nathan MacKinnon wins face-off versus Mark Scheifele in MONTREAL zone.
2:59 of 3rd period - Shot by Nino Niederreiter.
2:59 of 3rd period - Deflect By Mark Scheifele.
2:59 of 3rd period - Stopped by Robin Lehner without a rebound.
3:00 of 3rd period - Max Pacioretty wins face-off versus Victor Rask in MONTREAL zone.
3:14 of 3rd period - Off-side.
3:15 of 3rd period - Mark Scheifele wins face-off versus Max Pacioretty in neutral zone.
3:20 of 3rd period - Shot by Ales Hemsky.
3:20 of 3rd period - Stopped by Robin Lehner without a rebound.
3:21 of 3rd period - Max Pacioretty wins face-off versus Mark Scheifele in MONTREAL zone.
3:30 of 3rd period - Shot by Nino Niederreiter.
3:30 of 3rd period - Stopped by Robin Lehner with a rebound.
3:32 of 3rd period - Shot by Brent Seabrook.
3:32 of 3rd period - Shot Misses the Net.
3:34 of 3rd period - Shot by Brent Seabrook.
3:34 of 3rd period - Shot Blocked by Tyler Myers.
3:36 of 3rd period - Shot by Joshua Morrissey.
3:36 of 3rd period - Shot Blocked by Nathan MacKinnon.
3:38 of 3rd period - Shot by Brent Seabrook.
3:38 of 3rd period - Shot Misses the Net.
3:40 of 3rd period - Shot by Mark Scheifele.
3:40 of 3rd period - Stopped by Robin Lehner without a rebound.
3:41 of 3rd period - Max Pacioretty wins face-off versus Victor Rask in MONTREAL zone.
3:50 of 3rd period - Shot by Jarome Iginla.
3:50 of 3rd period - Stopped by Robin Lehner without a rebound.
3:51 of 3rd period - Max Pacioretty wins face-off versus Mark Scheifele in MONTREAL zone.
4:07 of 3rd period - Icing by Joshua Morrissey.
4:08 of 3rd period - Max Pacioretty wins face-off versus Mark Scheifele in TORONTO zone.
4:29 of 3rd period - Shot by Brent Seabrook.
4:29 of 3rd period - Stopped by Robin Lehner with a rebound.
4:31 of 3rd period - Shot by Joshua Morrissey.
4:31 of 3rd period - Stopped by Robin Lehner without a rebound.
4:32 of 3rd period - Victor Rask wins face-off versus Max Pacioretty in MONTREAL zone.
5:07 of 3rd period - Shot by Ryan White.
5:07 of 3rd period - Deflect By Pierre-Edouard Bellemare.
5:07 of 3rd period - Shot Misses the Net.
5:35 of 3rd period - Shot by Nino Niederreiter.
5:35 of 3rd period - Shot Misses the Net.
5:52 of 3rd period - Minor Penalty to Tyler Myers for Tripping.
5:53 of 3rd period - Victor Rask wins face-off versus Max Pacioretty in MONTREAL zone.
6:10 of 3rd period - Shot by Tomas Hertl.
6:10 of 3rd period - Shot Misses the Net.
6:12 of 3rd period - Shot by Olli Maatta.
6:12 of 3rd period - Shot Misses the Net.
7:50 of 3rd period - Shot by Drake Caggiula.
7:50 of 3rd period - Stopped by Robin Lehner without a rebound.
7:51 of 3rd period - Vincent Trocheck wins face-off versus Mark Scheifele in MONTREAL zone.
8:08 of 3rd period - Shot by Michal Kempny.
8:08 of 3rd period - Shot Misses the Net.
8:10 of 3rd period - Shot by Matt Hendricks.
8:10 of 3rd period - Stopped by Robin Lehner without a rebound.
8:11 of 3rd period - Tyler Johnson wins face-off versus Nic Dowd in MONTREAL zone.
8:11 of 3rd period - Tyler Johnson is hit by Nic Dowd.
8:33 of 3rd period - Shot by Tyler Johnson.
8:33 of 3rd period - Shot Misses the Net.
8:39 of 3rd period - Shot by Drake Caggiula.
8:39 of 3rd period - Stopped by Robin Lehner without a rebound.
8:40 of 3rd period - Mark Scheifele wins face-off versus Phillip Danault in MONTREAL zone.
8:53 of 3rd period - Shot by Nino Niederreiter.
8:53 of 3rd period - Shot Blocked by Tobias Enstrom.
8:58 of 3rd period - Off-side.
8:59 of 3rd period - Nathan MacKinnon wins face-off versus Victor Rask in neutral zone.
9:01 of 3rd period - Off-side.
9:02 of 3rd period - Nathan MacKinnon wins face-off versus Mark Scheifele in neutral zone.
9:09 of 3rd period - Shot by Max Pacioretty.
9:09 of 3rd period - Stopped by Brian Elliott without a rebound.
9:10 of 3rd period - Nathan MacKinnon wins face-off versus Mark Scheifele in TORONTO zone.
9:12 of 3rd period - Jason Pominville is hit by Joshua Morrissey and loses puck.
9:25 of 3rd period - Shot by Mark Scheifele.
9:25 of 3rd period - Shot Misses the Net.
9:29 of 3rd period - Shot by Joshua Morrissey.
9:29 of 3rd period - Shot Blocked by Brian Dumoulin.
9:31 of 3rd period - Shot by Brent Seabrook.
9:31 of 3rd period - Shot Misses the Net.
10:42 of 3rd period - Shot by Tyler Johnson.
10:42 of 3rd period - Shot Misses the Net.
10:54 of 3rd period - Jake Dotchin is hit by Phillip Danault and loses puck.
11:09 of 3rd period - Shot by Brian Gionta.
11:09 of 3rd period - Stopped by Brian Elliott without a rebound.
11:10 of 3rd period - Victor Rask wins face-off versus Devin Shore in TORONTO zone.
11:32 of 3rd period - Shot by Devin Shore.
11:32 of 3rd period - Stopped by Brian Elliott with a rebound.
11:34 of 3rd period - Shot by Brian Dumoulin.
11:34 of 3rd period - Stopped by Brian Elliott without a rebound.
11:35 of 3rd period - Mark Scheifele wins face-off versus Nathan MacKinnon in TORONTO zone.
11:40 of 3rd period - Shot by Mark Scheifele.
11:40 of 3rd period - Stopped by Robin Lehner with a rebound.
12:01 of 3rd period - Off-side.
12:02 of 3rd period - Tyler Johnson wins face-off versus Victor Rask in neutral zone.
12:07 of 3rd period - Shot by Vincent Trocheck.
12:07 of 3rd period - Shot Misses the Net.
12:09 of 3rd period - Shot by Vincent Trocheck.
12:09 of 3rd period - Shot Blocked by Michal Kempny.
12:11 of 3rd period - Shot by Vincent Trocheck.
12:11 of 3rd period - Stopped by Brian Elliott with a rebound.
12:13 of 3rd period - Shot by Vincent Trocheck.
12:13 of 3rd period - Deflect By Tyler Johnson.
12:13 of 3rd period - Goal by Tyler Johnson - MONTREAL : 3 - TORONTO : 3.
12:14 of 3rd period - Pierre-Edouard Bellemare wins face-off versus Phillip Danault in neutral zone.
12:29 of 3rd period - Brian Gionta is hit by Ryan White and loses puck.
13:06 of 3rd period - Shot by Mark Scheifele.
13:06 of 3rd period - Shot Blocked by Tyler Myers.
13:08 of 3rd period - Shot by Joshua Morrissey.
13:08 of 3rd period - Stopped by Robin Lehner without a rebound.
13:09 of 3rd period - Victor Rask wins face-off versus Nathan MacKinnon in MONTREAL zone.
13:09 of 3rd period - Victor Rask is hit by Jason Demers.
13:16 of 3rd period - Brayden Point is hit by Jason Demers and loses puck.
13:22 of 3rd period - Off-side.
13:23 of 3rd period - Mark Scheifele wins face-off versus Tyler Johnson in neutral zone.
13:26 of 3rd period - Tobias Enstrom is hit by Jarome Iginla and loses puck.
13:35 of 3rd period - Shot by Tyler Johnson.
13:35 of 3rd period - Stopped by Brian Elliott with a rebound.
13:42 of 3rd period - Minor Penalty to Joshua Morrissey for Hooking.
13:43 of 3rd period - Nathan MacKinnon wins face-off versus Mark Scheifele in TORONTO zone.
13:52 of 3rd period - Shot by Max Pacioretty.
13:52 of 3rd period - Stopped by Brian Elliott without a rebound.
13:53 of 3rd period - Mark Scheifele wins face-off versus Nathan MacKinnon in TORONTO zone.
14:26 of 3rd period - Shot by Nathan MacKinnon.
14:26 of 3rd period - Deflect By Jason Pominville.
14:26 of 3rd period - Stopped by Brian Elliott without a rebound.
14:27 of 3rd period - Vincent Trocheck wins face-off versus Victor Rask in TORONTO zone.
15:02 of 3rd period - Shot by Rickard Rakell.
15:02 of 3rd period - Shot Misses the Net.
15:12 of 3rd period - Tomas Hertl is hit by Vincent Trocheck.
15:43 of 3rd period - Max Pacioretty is hit by Mark Borowiecki and loses puck.
15:54 of 3rd period - Shot by Jason Demers.
15:54 of 3rd period - Stopped by Brian Elliott without a rebound.
15:55 of 3rd period - Pierre-Edouard Bellemare wins face-off versus Nathan MacKinnon in TORONTO zone.
15:55 of 3rd period - Ryan White is hit by Jason Pominville and loses puck.
16:22 of 3rd period - Shot by Max Pacioretty.
16:22 of 3rd period - Shot Misses the Net.
16:24 of 3rd period - Shot by Marc Staal.
16:24 of 3rd period - Goal by Marc Staal - MONTREAL : 4 - TORONTO : 3.
16:25 of 3rd period - Victor Rask wins face-off versus Devin Shore in neutral zone.
17:32 of 3rd period - Minor Penalty to Jarome Iginla for Interference.
17:33 of 3rd period - Mark Scheifele wins face-off versus Nathan MacKinnon in TORONTO zone.
17:46 of 3rd period - Shot by Nathan MacKinnon.
17:46 of 3rd period - Shot Misses the Net.
17:48 of 3rd period - Shot by Jason Pominville.
17:48 of 3rd period - Stopped by Brian Elliott without a rebound.
17:49 of 3rd period - Mark Scheifele wins face-off versus Vincent Trocheck in TORONTO zone.
18:07 of 3rd period - Icing by Vincent Trocheck.
18:08 of 3rd period - Mark Scheifele wins face-off versus Vincent Trocheck in MONTREAL zone.
18:33 of 3rd period - Shot by Brian Dumoulin.
18:33 of 3rd period - Shot Misses the Net.
19:48 of 3rd period - TORONTO, Brian Elliott is pulled from the net.
19:59 of 3rd period - Shot by Mark Scheifele.
19:59 of 3rd period - Stopped by Robin Lehner with a rebound.
Goals for this period are 3 for MONTREAL vs 0 for TORONTO.
Shots for this period are 21 for MONTREAL vs 13 for TORONTO.